 Dungeon Crawl Stone Soup version 0.32-a0-468-g38b2580584 (webtiles) character file.

Game seed: 13877349383412702415

8 ezpacito the Trooper (level 2, 24/24 HPs)
             Began as a Demonspawn Chaos Knight on Feb 24, 2024.
             Was a Plaything of Xom.
             Quit the game on level 1 of the Dungeon.
             The game lasted 00:00:14 (209 turns).

ezpacito the Trooper (Demonspawn Chaos Knight)       Turns: 209, Time: 00:00:15

Health: 24/24      AC:  5    Str: 12    XL:     2   Next: 0%
Magic:  2/2        EV: 11    Int: 12    God:    Xom [..*...]
Gold:   27         SH:  0    Dex: 12    Spells: 1/1 levels left

rFire   . . .        a - +0 hand axe (chaos)
rCold   . . .        (no shield)
rNeg    . . .        b - +2 leather armour
rPois   .            (helmet restricted)
rElec   .            (no cloak)
rCorr   .            (no gloves)
SInv    .            (no boots)
Will    .....        (no amulet)
Stlth   +            (no ring)
HPRegen 0.24/turn    (no ring)
MPRegen 0.08/turn

%: no passive effects
@: no status effects
A: antennae 1
a: Renounce Religion


You were on level 1 of the Dungeon.
You worshipped Xom.
You were a toy of Xom.
You visited 1 branch of the dungeon, and saw 1 of its levels.

You collected 27 gold pieces.

Inventory:

Hand Weapons
 a - a +0 hand axe of chaos (weapon)
Armour
 b - a +2 leather armour (worn)
Scrolls
 c - a scroll of butterflies
Potions
 d - a potion of attraction {unknown}


   Skills:
 * Level 3.1 Fighting
 * Level 2.8 Axes
 + Level 0.2(1.6) Polearms
 * Level 1.9 Armour
 * Level 1.0 Dodging
 + Level 0.0 Stealth
 * Level 0.3 Unarmed Combat
 + Level 0.0 Spellcasting


You had one spell level left.
You didn't know any spells.
Your spell library was empty.

Dungeon Overview and Level Annotations

Branches:
Dungeon (1/15)

Altars:


Innate Abilities, Weirdness & Mutations

You have a pair of small antennae on your head.


Message History

You closely miss the ball python. The ball python bites you.
The ball python constricts you.
You hit the ball python.
You kill the ball python!
No target in view!
No target in view!
No target in view!
No target in view!
No target in view!
A rat comes into view.
The rat squeaks loudly.
A rat is nearby!
Found a stone staircase leading down.
The rat barely misses you.
You barely miss the rat.
A frilled lizard comes into view.
The rat barely misses you.
You completely miss the rat.
The frilled lizard hisses angrily.
The rat closely misses you.
You hit the rat. You burn the rat.
You kill the rat!
You hit the frilled lizard.
You kill the frilled lizard!
No target in view!
No target in view!
As you open the door, it creaks loudly!
A rat comes into view.
The rat squeaks loudly.
A rat is nearby!
You hit the rat. You drain the rat.
You kill the rat!
You have reached level 2!
Your demonic ancestry asserts itself...
A pair of antennae grows on your head!
There is an open door here.
You see here a rat corpse.
You open the door.
Found an escape hatch in the floor.
No target in view!
Are you sure you want to abandon this character and quit the game? (Confirm with "yes".)

#.......# #..#
#....##.#####...
###...........#
#.####.######
#.# #......# #.#
######.# ##†##
#...#######
#..@'..>..#
#...#####.#
#...# #...#
#.... #....
#..... ##....


There were no monsters in sight!

Vanquished Creatures
  An endoplasm (D:1)
  2 hobgoblins (D:1)
  A ball python (D:1)
  2 frilled lizards (D:1)
  3 rats (D:1)
9 creatures vanquished.

Notes
Turn   | Place    | Note
-------+----------+-------------------------------------------
     0 | D:1      | ezpacito the Demonspawn Chaos Knight began the quest for
                  | the Orb.
     0 | D:1      | Reached XP level 1. HP: 18/18 MP: 1/1
    63 | D:1      | Reached skill level 1 in Dodging
   205 | D:1      | Gained mutation: You have a pair of small antennae on your
                  | head. [demonic ancestry]
   205 | D:1      | Reached XP level 2. HP: 24/24 MP: 2/2
   209 | D:1      | Quit the game

Illustrated notes

Levels and vault maps discovered:
D:1:      lightli_iron_boxes, layout_basic, ebering_ecumenical_altar_abandoned

Skill      XL: |  1 |
---------------+----+-----
Dodging        | 1 |  1.0
Fighting       | |  3.1
Axes           | |  2.8
Polearms       | |  0.2
Armour         | |  1.9
Unarmed Combat | |  0.3

Action                     || total
---------------------------++-------
  Melee: Hand axe          ||    24
 Armour: Leather armour    ||     8
  Dodge: Dodged            ||    16

Table legend: (Time is in decaauts)
 A = Elapsed time spent in this place.
 B = Non-inter-level travel time spent in this place.
 C = Inter-level travel time spent in this place.
 D = Time resting spent in this place.
 E = Time spent auto-exploring this place.
 F = Levels seen in this place.
 G = Mean time per level.
                   A        B        C        D        E       F      G
               +--------+--------+--------+--------+--------+-----+--------+
         Total |    213 |    213 |      0 |      0 |    160 |   1 |  213.0 |
       Dungeon |    213 |    213 |      0 |      0 |    160 |   1 |  213.0 |
               +--------+--------+--------+--------+--------+-----+--------+

Top non-repeatable levels by time:
     D:1: 213 daAuts
